 Dungeon Crawl Stone Soup version 0.14-a0-1707-g75daffb (webtiles) character file.

122 Nicoed the Skirmisher (level 3, 0/43 HPs)
             Began as a Demonspawn Berserker on Dec 31, 2013.
             Was a Believer of Trog.
             Slain by a worm (8 damage)
             ... on Level 2 of the Dungeon.
             The game lasted 00:05:47 (1521 turns).

Nicoed the Skirmisher (Demonspawn Berserker)        Turns: 1521, Time: 00:05:48

HP   0/43        AC  5     Str 23      XL: 3   Next: 78%
MP   3/3         EV 12     Int  8      God: Trog [**....]
Gold 63          SH  0     Dex 12      Spells:  0 memorised,  2 levels left

rFire  . . .     SeeInvis .     b - +0 short sword
rCold  . . .     Clarity  .     k - +0 leather armour
rNeg   . . .     Conserve .     (no shield)
rPois  .         rCorr    .     (no helmet)
rElec  .         rRot     .     (no cloak)
SustAb . .       Spirit   .     (no gloves)
rMut   .         Warding  .     (no boots)
Saprov . . .     Stasis   .     (no amulet)
                                (no ring)
                                (no ring)

@: berserking, very quick, not resistant to hostile enchantments, extremely
unstealthy
A: yellow scales 1, powered by death 1
a: Burn Spellbooks, Berserk, Trog's Hand, Renounce Religion


You were on level 2 of the Dungeon.
You worshipped Trog.
Trog was pleased with you.
You were not hungry.

You visited 1 branch of the dungeon, and saw 2 of its levels.

You collected 63 gold pieces.

Inventory:

Hand weapons
 b - a +0,+0 short sword (weapon)
Armour
 k - a +0 leather armour (worn)
Scrolls
 c - 4 scrolls of remove curse {unknown}
 e - a scroll of curse armour {unknown}
 g - a scroll of immolation {unknown}
 i - a scroll of curse weapon {unknown}
 j - a scroll of enchant weapon II {unknown}
 l - a scroll of identify {unknown}
 m - 2 scrolls of random uselessness {unknown}
 n - a scroll of enchant weapon I {unknown}
Potions
 a - a potion of speed {unknown}
 d - 3 potions of heal wounds {unknown}
 f - a potion of brilliance {unknown}
 h - a potion of invisibility {unknown}


   Skills:
 - Level 3.4 Fighting
 + Level 3.2 Short Blades
 * Level 2.2 Armour
 + Level 2.5 Dodging


You had 2 spell levels left.
You didn't know any spells.

Dungeon Overview and Level Annotations

Branches:
Dungeon (2/16)

Altars:


Innate Abilities, Weirdness & Mutations

You are partially covered in yellow scales (AC +2).
You can steal the life force of nearby defeated enemies.


Message History

Unknown command.
You hit the worm.
The worm is heavily wounded.
The goblin hits you with a club. The hobgoblin hits you with a club.
Unknown command.
You hit the worm.
The worm is heavily wounded.
The goblin misses you. The worm bites you.
Use which ability? (? or * to list)
A red film seems to cover your vision as you go berserk!
You feel yourself moving faster!
You feel mighty!
You feel somewhat more hungry. The hobgoblin hits you with a club.
* * * LOW HITPOINT WARNING * * *
The goblin hits you with a club.
* * * LOW HITPOINT WARNING * * *
You hit the worm.
The worm is severely wounded.
The hobgoblin hits you but does no damage.
The worm bites you!
You die...

#)###....### #.# #.
#..........######.# #.
...........#...##.# .#
##. .###.........#.##.#
..# #####>. .#
##....#.#...##.#...#.
#...>.# .#
#....#.##.#####.....
#####.. .## #.####.##.#
#...... ##. ..# #..#
#.##.###w..8.?.8 #. #.#
##.# #.#..##@g....... #.
#.# #.# #....'.g.8...⌠..
#. #.# #.#
#.#..##......... #. #.#
#.# #.######...8... ##
#.####.###.#######......
...##...#>.......##.....
.#....#....######.#...#
...##...##........#...
#######
######.#######....# .
#......


You could see a worm, a hobgoblin and a goblin.

Vanquished Creatures
  2 adders (D:2)
  A giant gecko (D:2)
  5 bats
  6 giant cockroaches
  5 goblins
  2 hobgoblins (D:1)
  3 giant newts
  2 jackals (D:1)
  8 kobolds
  2 quokkas (D:2)
  6 rats
42 creatures vanquished.

Notes
Turn   | Place    | Note
--------------------------------------------------------------
     0 | D:1      | Nicoed, the Demonspawn Berserker, began the quest for the Orb.
     0 | D:1      | Reached XP level 1. HP: 18/18 MP: 1/1
   238 | D:1      | Gained mutation: You are partially covered in yellow scales (AC +2). [demonic ancestry]
   238 | D:1      | Reached XP level 2. HP: 21/24 MP: 2/2
   586 | D:1      | Acquired Trog's second power
   968 | D:2      | Gained mutation: You can steal the life force of nearby defeated enemies. [demonic ancestry]
   968 | D:2      | Reached XP level 3. HP: 22/29 MP: 3/3
  1521 | D:2      | Slain by a worm

Action                   || total
-------------------------++-------
Melee: Short sword       ||   193
Invok: Berserk           ||     2
 Stab: Sleeping          ||     1
